 Dungeon Crawl Stone Soup version 0.27.1-34-g3ba077fa99 (webtiles) character file.

Game seed: 2679349587027580053

695 Arum the Shield-Bearer (level 7, -3/58 HPs)
             Began as a Formicid Fighter on Jan 3, 2022.
             Was an Initiate of Gozag.
             Slain by an iguana (6 damage)
             ... on level 5 of the Dungeon.
             The game lasted 00:06:47 (5066 turns).

Arum the Shield-Bearer (Formicid Fighter)           Turns: 5066, Time: 00:06:48

Health: -3/58      AC:  6    Str: 20    XL:     7   Next: 96%
Magic:  7/7        EV:  8    Int:  8    God:    Gozag
Gold:   339        SH: 10    Dex: 12    Spells: 6/6 levels left

rFire    . . .     SeeInvis +   a - +0 flail
rCold    + . .     Faith    .   c - +0 kite shield
rNeg     . . .     Spirit   .   b - +0 scale mail
rPois    .         Reflect  .   (helmet unavailable)
rElec    .         Harm     .   (no cloak)
rCorr    .         Rampage  .   (no gloves)
Will     .....                  (no boots)
Stlth    ..........             (no amulet)
HPRegen  0.19/turn              i - ring of protection from cold
MPRegen  0.10/turn              o - ring of flight

@: flying
A: permanent stasis, dig shafts and tunnels, antennae 3, four strong arms
a: Dig, Shaft Self, Renounce Religion, Potion Petition, Call Merchant, Bribe
Branch


You were on level 5 of the Dungeon.
You worshipped Gozag.
Gozag was aware of your devotion.
You visited 2 branches of the dungeon, and saw 6 of its levels.

You collected 413 gold pieces.
You paid 74 gold pieces to Gozag.

Inventory:

Hand Weapons
 a - a +0 flail (weapon)
Armour
 b - a +0 scale mail (worn)
 c - a +0 kite shield (worn)
 s - the +0 leather armour "Ronaph" {Str+4}
   (You found it on level 4 of the Dungeon)

   Str:       It affects your strength (+4).
Jewellery
 i - a ring of protection from cold (left hand)
 m - a +6 ring of intelligence
 o - a ring of flight (right hand)
Scrolls
 e - 2 scrolls of torment {unknown}
 f - a scroll of identify
 g - a scroll of summoning {unknown}
 h - a scroll of teleportation
 j - 2 scrolls of magic mapping {unknown}
 n - 2 scrolls of silence {unknown}
 r - a scroll of brand weapon {unknown}
 t - a scroll of amnesia {unknown}
 u - a scroll of enchant armour {unknown}
Potions
 d - 2 potions of might
 k - a potion of curing
 l - a potion of lignification {unknown}
 p - 2 potions of attraction {unknown}
 q - a potion of haste {unknown}


   Skills:
 + Level 6.0 Fighting
 + Level 5.0 Maces & Flails
 - Level 3.2 Armour
 + Level 6.7 Shields


You had 6 spell levels left.
You didn't know any spells.
Your spell library contained the following spells:

 Spells                   Type           Power      Damage    Failure   Level
 Beastly Appendage        Tmut           0%         N/A       90%         1
 Corona                   Hex            0%         N/A       90%         1
 Ensorcelled Hibernation  Hex/Ice        0%         N/A       97%         2
 Slow                     Hex            0%         N/A       97%         2
 Wereblood                Tmut           0%         N/A       97%         2
 Confusing Touch          Hex            0%         N/A       99%         3
 Spider Form              Tmut/Pois      0%         N/A       99%         3
 Tukima's Dance           Hex            0%         N/A       99%         3
 Yara's Violent Unravell  Hex/Tmut       0%         3d3       100%        5


Dungeon Overview and Level Annotations

Branches:
Dungeon (5/15)             Temple (1/1) D:5

Altars:
Elyvilon
Fedhas
Gozag
Kikubaaqudgha
Makhleb
Nemelex Xobeh
Okawaru
Qazlal
Ru
Vehumet
Xom
Yredelemnul
Zin


Innate Abilities, Weirdness & Mutations

You cannot be hasted, slowed, berserked, paralysed or teleported.
You can dig through walls and to a lower floor.
You have a pair of large antennae on your head. (SInv)
Your four strong arms can wield two-handed weapons with a shield.


Message History

You sock the orc priest!
You kill the orc priest!
You block the orc's attack. The orc closely misses you.
You block the iguana's attack.
There is an escape hatch in the floor here.
You hit the orc.
You kill the orc!
You swing at nothing.
The orc hits you but does no damage.
You closely miss the orc. The orc hits you but does no damage.
You thump the orc!
You kill the orc!
You hit the iguana but do no damage. The iguana barely misses you.
You hit the iguana.
The iguana is moderately wounded.
The iguana bites you.
* * * LOW HITPOINT WARNING * * *
You closely miss the iguana.
The iguana is moderately wounded.
You block the iguana's attack. The iguana bites you.
* * * LOW HITPOINT WARNING * * *
You feel better. The iguana closely misses you.
You closely miss the iguana.
The iguana is moderately wounded.
You block the iguana's attack.
Your shield and scale mail prevent you from hitting the iguana.
The iguana is moderately wounded.
You block the iguana's attack.
You hit the iguana.
The iguana is moderately wounded.
The iguana bites you but does no damage.
You barely miss the iguana.
The iguana is moderately wounded.
The iguana bites you but does no damage.
You hit the iguana.
The iguana is heavily wounded.
The iguana bites you.
* * * LOW HITPOINT WARNING * * *
The iguana bites you.
You die...
Your body crumbles into a pile of gold.

.#.#..#........
......$....######
#.#............#
.#...#>......!# ###
.......#.....#.?# ..#
#..#...#.#......# #.#
#..#...#........#
#.###
#.#..#..)#l####...#
#..... ........#@###
###
#.###.##..#........#
≈..##.....#....###.###
≈≈...##...#..........#
§≈≈...#.......########
≈≈≈...##...#..#
≈§≈...........#
≈≈....#....####
§...#......#


You could see an iguana.

Vanquished Creatures
  Duvessa (D:4)
  An ice beast (D:5)
  A centaur (D:5)
  Dowan (D:4)
  A centaur zombie (D:5)
  A hound (D:5)
  2 orc priests (D:5)
  2 orc wizards
  2 hound skeletons
  A howler monkey zombie (D:5)
  6 adders
  A shadow imp (D:5)
  An adder skeleton (D:4)
  3 worms
  7 dart slugs
  8 orcs
  A bat skeleton (D:2)
  6 endoplasms
  A giant cockroach (D:4)
  8 goblins
  4 hobgoblins
  2 kobolds (D:2)
  3 quokkas
  3 ball pythons (D:2)
  2 bats (D:1)
  6 frilled lizards
  A jackal skeleton (D:2)
  4 rats
80 creatures vanquished.

Vanquished Creatures (others)
  A ball python (D:1)
  A rat (D:1)
2 creatures vanquished.

Grand Total: 82 creatures vanquished

Notes
Turn   | Place    | Note
-------+----------+-------------------------------------------
     0 | D:1      | Arum the Formicid Fighter began the quest for the Orb.
     0 | D:1      | Reached XP level 1. HP: 18/18 MP: 1/1
   197 | D:1      | Found an ancient bone altar of Kikubaaqudgha.
   204 | D:1      | Reached XP level 2. HP: 24/24 MP: 2/2
   808 | D:1      | Reached XP level 3. HP: 30/30 MP: 3/3
  1326 | D:2      | Reached XP level 4. HP: 37/37 MP: 4/4
  1556 | D:2      | Found a faded altar of an unknown god.
  2336 | D:3      | Reached XP level 5. HP: 25/43 MP: 5/5
  2853 | D:3      | Reached skill level 5 in Shields
  2978 | D:4      | Noticed Dowan
  2980 | D:4      | Noticed Duvessa
  2994 | D:4      | Killed Duvessa
  2995 | D:4      | Reached XP level 6. HP: 34/50 MP: 6/6
  2996 | D:4      | Killed Dowan
  2997 | D:4      | Reached skill level 5 in Fighting
  3202 | D:4      | Found a white marble altar of Elyvilon.
  3246 | D:4      | Found an opulent altar of Gozag.
  3251 | D:4      | Became a worshipper of Gozag Ym Sagoz the Greedy
  3595 | D:4      | Identified the +0 leather armour "Ronaph" {Str+4}
  3923 | D:5      | Entered Level 5 of the Dungeon
  3949 | D:5      | Reached XP level 7. HP: 19/56 MP: 7/7
  4433 | D:5      | Found a staircase to the Ecumenical Temple.
  4455 | Temple   | Entered the Ecumenical Temple
  5041 | D:5      | Reached skill level 5 in Maces & Flails
  5045 | D:5      | HP: 2/58 [iguana (12)]
  5060 | D:5      | HP: 1/58 [iguana (6)]
  5066 | D:5      | Slain by an iguana

Illustrated notes

Levels and vault maps discovered:
D:1:      amcnicky_arrival_flooded_fountain, layout_basic,
          grunt_decor_resistance, kennysheep_flooded_box,
          minmay_misc_feat_plants, lemuel_flame_loot_1
D:2:      layout_basic, shapermc_ecumenical_altar_totnotflames,
          lightli_corner_chamber
D:3:      layout_rooms, small_statue_intersection, kennysheep_nub
D:4:      layout_basic, nicolae_elyvilon_peaceful_grove, kennysheep_little_box,
          uniq_duvessa
D:5:      layout_basic, minmay_temple_entry_mist
Temple:   minmay_temple_curvy_loop

Skill      XL: |  1  2  3  4  5  6  7 |
---------------+----------------------+-----
Shields        | 4 5 6 |  6.7
Fighting       | 4 5 6 |  6.0
Maces & Flails | 3 4 5 |  5.0
Armour         | |  3.2

Action                   |  1- 3 |  4- 6 |  7- 9 || total
-------------------------+-------+-------+-------++-------
Melee: Flail             |    72 |   165 |    84 ||   321
 Abil: Dig               |     1 |     1 |     3 ||     5
  Use: Scroll            |       |     2 |       ||     2
       Potion            |       |     1 |     3 ||     4
Armor: Scale mail        |    24 |    63 |    38 ||   125
Dodge: Dodged            |    19 |    57 |    33 ||   109
Block: Kite shield       |    27 |   100 |    62 ||   189
